 Dungeon Crawl Stone Soup version 0.23.2-33-g5129a83184 (webtiles) character file.

Game seed: 10948226405264385664

47 Derp the Skirmisher (level 3, 0/30 HPs)
             Began as a Demonspawn Abyssal Knight on July 14, 2019.
             Was a Follower of Lugonu.
             Succumbed to an adder's poison
             ... on level 1 of the Dungeon.
             The game lasted 00:07:09 (1847 turns).

Derp the Skirmisher (Demonspawn Abyssal Knight)     Turns: 1847, Time: 00:07:09

Health: 0/30       AC:  8    Str: 12    XL:     3   Next: 48%
Magic:  4/4        EV: 23    Int: 13    God:    Lugonu [*.....]
Gold:   111        SH:  0    Dex: 13    Spells: 2/2 levels left

rFire    . . .     SeeInvis .   a - +1 mace
rCold    . . .     Gourm    .   (no shield)
rNeg     . . .     Faith    .   e - +0 chain mail
rPois    .         Spirit   .   (no helmet)
rElec    .         Reflect  .   (no cloak)
rCorr    .         Harm     .   (no gloves)
MR       .....                  (no boots)
Stlth    ..........             f - amulet of the acrobat
HPRegen  0.10/turn              (no ring)
MPRegen  0.09/turn              (no ring)

@: lethally poisoned (0 -> -3), acrobat
A: sturdy frame 2
a: Depart the Abyss, Renounce Religion


You were on level 1 of the Dungeon.
You worshipped Lugonu.
Lugonu was aware of your devotion.
You were not hungry.

You visited 1 branch of the dungeon, and saw 2 of its levels.
You visited the Abyss 1 time.

You collected 111 gold pieces.

Inventory:

Hand Weapons
 a - a +1 mace (weapon)
Armour
 b - a +0 leather armour
 e - a +0 chain mail (worn)
Jewellery
 f - an amulet of the acrobat (around neck)
Scrolls
 d - a scroll of identify {unknown}
 i - a scroll of enchant armour {unknown}
Potions
 g - 2 potions of degeneration {unknown}
 h - a potion of ambrosia {unknown}
Comestibles
 c - a ration


   Skills:
 + Level 3.8 Fighting
 + Level 2.4 Maces & Flails
 + Level 2.1 Armour
 + Level 1.1 Dodging
 + Level 2.4 Invocations


You had 2 spell levels left.
You didn't know any spells.
Your spell library was empty.

Dungeon Overview and Level Annotations

Branches:
Dungeon (2/15)

Altars:
Gozag


Innate Abilities, Weirdness & Mutations

Your movements are less encumbered by armour. (ER -4)


Message History

* * * LOW HITPOINT WARNING * * *
You are lethally poisoned!
The adder poisons you! The adder bites you but does no damage.
* * * LOW HITPOINT WARNING * * *
You feel sick. The adder closely misses you.
* * * LOW HITPOINT WARNING * * *
You feel sick. The adder completely misses you.
* * * LOW HITPOINT WARNING * * *
You feel sick. The adder barely misses you.
* * * LOW HITPOINT WARNING * * *
You feel sick.
* * * LOW HITPOINT WARNING * * *
You feel sick.
* * * LOW HITPOINT WARNING * * *
You feel sick. The adder bites you but does no damage.
* * * LOW HITPOINT WARNING * * *
You feel sick. The adder closely misses you.
You die...

#.#.#.# #.# #.#. ....#.# #.#
############### #.#. #...#.# #.#
#.............# #.#. #.#.#.# #.#
#.###########.# ###. #.#.#.#
#.###...........#.# #. ......#
#...............#.# #.
#.#.############....>......# #.
..#......#.....#.###############.
########.#.#....@.S..............
.......#.#.#.#.#.############....
.........#.#.#.#....# #....##
###......#.#.#.#.##.#######.#..#
#.#....#.#.#.#.##.........#..#
#......#.#.#.##############..#
#####.#..#.#.#.................#
.............#.................##
##########...#.#############.#...


You could see an adder.

Vanquished Creatures
  4 dart slugs
  3 leopard geckos
  2 giant cockroaches
  6 goblins
  3 hobgoblins
  A ball python (D:1)
  7 bats
  2 frilled lizards (D:2)
  4 kobolds
  2 rats (D:1)
34 creatures vanquished.

Notes
Turn   | Place    | Note
-------+----------+-------------------------------------------
     0 | Abyss:1  | Derp the Demonspawn Abyssal Knight began the quest for the
                  | Orb.
     0 | Abyss:1  | Reached XP level 1. HP: 18/18 MP: 2/2
    43 | Abyss:1  | Found a corrupted altar of Lugonu.
   100 | Abyss:1  | Found a corrupted altar of Lugonu.
   126 | Abyss:1  | Noticed a worldbinder
   128 | Abyss:1  | Noticed a deep elf mage
   129 | Abyss:1  | Noticed an ice beast
   130 | Abyss:1  | Noticed a deep elf archer
   130 | Abyss:1  | Noticed a deep elf mage
   130 | Abyss:1  | Noticed a deep elf archer
   132 | D:1      | Escaped the Abyss
   523 | D:1      | Gained mutation: Your movements are slightly less
                  | encumbered by armour. (ER -2) [demonic ancestry]
   523 | D:1      | Reached XP level 2. HP: 22/24 MP: 3/3
   715 | D:1      | Reached * piety under Lugonu
  1178 | D:2      | Reached skill level 1 in Dodging
  1205 | D:2      | Gained mutation: Your movements are less encumbered by
                  | armour. (ER -4) [demonic ancestry]
  1205 | D:2      | Reached XP level 3. HP: 19/30 MP: 4/4
  1295 | D:2      | Found an opulent altar of Gozag.
  1841 | D:1      | HP: 1/30 [poisoned by an adder]
  1847 | D:1      | Succumbed to an adder's poison

Skill      XL: |  1  2 |
---------------+-------+-----
Maces & Flails | 2 |  2.4
Armour         | 2 |  2.1
Dodging        | 1 |  1.1
Fighting       | |  3.8
Invocations    | |  2.4

Action                   || total
-------------------------++-------
Melee: Mace              ||   166
Invok: Depart the Abyss  ||     1
  Use: Scroll            ||     2
  Eat: Ration            ||     1
Armor: Chain mail        ||   129
Dodge: Dodged            ||   211
